[Event "Titled Tuesday Blitz March 21 Late 2023"]
[White "Hamitevici, Vladimir"]
[Black "Hansen, Eric"]
[WhiteFideId "13902393"]
[BlackFideId "2606771"]
[WhiteElo "2401"]
[BlackElo "2569"]
[Result "1/2-1/2"]
[Round "05"]
[TimeControl "180+2"]
[Date "2023.03.21"]
[WhiteClock "0:00:04"]
[BlackClock "0:00:02"]

1. Nf3 d5 2. g3 Nd7 3. Bg2 e5 4. d3 Ngf6 5. O-O c6 6. Nc3 Bb4 7. a3 Bxc3 8. bxc3 O-O 9. Nd2 Re8 10. e4 dxe4 11. Nxe4 Nxe4 12. Bxe4 Nf6 13. Bg2 Bg4 14. Qd2 h6 15. c4 e4 16. d4 Qd7 17. Bb2 Bh3 18. d5 Bxg2 19. Kxg2 Nh7 20. h4 Rad8 21. Rad1 Qg4 22. Qe3 b6 23. Rd2 c5 24. a4 Nf8 25. a5 Nd7 26. Bc3 Rb8 27. Rb1 bxa5 28. Ra1 Nb6 29. Qe2 Qxe2 30. Rxe2 Nxc4 31. Ra4 Nb6 32. Rxa5 Nxd5 33. Be1 Rbc8 34. Rxa7 e3 35. Ra5 h5 36. Kf3 Nf6 37. Rxe3 Red8 38. Bc3 Ng4 39. Rd3 Rxd3+ 40. cxd3 Rd8 41. Rxc5 Rxd3+ 42. Ke2 Rd7 43. Rxh5 Re7+ 44. Kf1 Rc7 45. Bd4 Rd7 46. Bc5 Rc7 47. Rd5 f6 48. Rd8+ Kf7 49. Bd4 Nh6 50. Rd5 Ke6 51. Ra5 Nf5 52. Be3 Nxe3+ 53. fxe3 Rc2 54. h5 Rh2 55. Rb5 f5 56. Ra5 1/2-1/2


[Site "https://www.chess.com"]

[Event "Titled Tuesday Blitz March 21 Late 2023"]
[White "Gholami Orimi, Mahdi"]
[Black "Preotu, Razvan"]
[WhiteFideId "12558486"]
[BlackFideId "2613280"]
[WhiteElo "2363"]
[BlackElo "2407"]
[Result "1-0"]
[Round "05"]
[TimeControl "180+2"]
[Date "2023.03.21"]
[WhiteClock "0:01:39"]
[BlackClock "0:00:02"]

1. d4 Nf6 2. c4 g6 3. Nc3 d5 4. cxd5 Nxd5 5. e4 Nxc3 6. bxc3 Bg7 7. Bc4 c5 8. Ne2 Nc6 9. O-O cxd4 10. cxd4 Nxd4 11. Rb1 O-O 12. Be3 Nc6 13. Qc2 e6 14. Rfd1 Qe7 15. Bb5 Rd8 16. Bxc6 bxc6 17. Rxd8+ Qxd8 18. Qxc6 Bd7 19. Qb7 Qc8 20. f3 a6 21. Kf2 Bb5 22. Qxc8+ Rxc8 23. Nd4 Bxd4 24. Bxd4 f5 25. Rb2 fxe4 26. fxe4 Kf7 27. Ke3 Rc1 28. Kf4 h6 29. Ke5 g5 30. Rf2+ Ke7 31. Rf6 Bc4 32. Rxh6 Bxa2 33. Rh7+ Kd8 34. Ra7 Rc2 35. Kd6 Kc8 36. g3 Bc4 37. h4 gxh4 38. gxh4 Rd2 39. Rc7+ Kd8 40. Rxc4 1-0


[Site "https://www.chess.com"]

[Event "Titled Tuesday Blitz March 21 Late 2023"]
[White "Indjic, Aleksandar"]
[Black "Martinez Reyes, Pedro Ramon"]
[WhiteFideId "911925"]
[BlackFideId "3901807"]
[WhiteElo "2614"]
[BlackElo "2340"]
[Result "1-0"]
[Round "05"]
[TimeControl "180+2"]
[Date "2023.03.21"]
[WhiteClock "0:00:24"]
[BlackClock "0:00:07"]

1. d4 d5 2. c4 dxc4 3. e4 e5 4. Nf3 exd4 5. Bxc4 Nc6 6. O-O Be6 7. Bxe6 fxe6 8. Qb3 Qd7 9. Qxb7 Rb8 10. Qa6 Nf6 11. Nbd2 Bd6 12. a3 O-O 13. Qd3 Ng4 14. h3 Nge5 15. Nxe5 Nxe5 16. Qxd4 Ng4 17. e5 Nxe5 18. Qe4 Nd3 19. Nc4 Nxc1 20. Raxc1 Rf4 21. Qe2 Rbf8 22. Kh1 Qf7 23. f3 Rd4 24. Nxd6 cxd6 25. Rfd1 Rxd1+ 26. Rxd1 d5 27. Rc1 Qf6 28. Rc6 Re8 29. b4 Kf7 30. Ra6 Re7 31. Kh2 Qf4+ 32. g3 Qf5 33. Rc6 Rd7 34. Rc5 Qf6 35. Kg2 d4 36. Qd3 g6 37. f4 Qd8 38. h4 Qa8+ 39. Kh2 Qg8 40. a4 Qb8 41. b5 Qd6 42. Rg5 Kf6 43. h5 Rg7 44. a5 Qb4 45. Re5 Qxa5 46. Qxd4 Qa2+ 47. Re2+ e5 48. Qxe5+ Kf7 49. Qe7+ Kg8 50. Qe8# 1-0


[Site "https://www.chess.com"]

[Event "Titled Tuesday Blitz March 21 Late 2023"]
[White "Zierk, Steven"]
[Black "Do Valle Cardoso, Lucas"]
[WhiteFideId "2034255"]
[BlackFideId "2163144"]
[WhiteElo "2494"]
[BlackElo "2383"]
[Result "1-0"]
[Round "05"]
[TimeControl "180+2"]
[Date "2023.03.21"]
[WhiteClock "0:01:01"]
[BlackClock "0:00:08"]

1. e4 c5 2. Nf3 d6 3. d4 cxd4 4. Nxd4 Nf6 5. Nc3 a6 6. h3 e6 7. g4 b5 8. g5 Nfd7 9. h4 Bb7 10. Bg2 Be7 11. Be3 Qc7 12. a3 Nc6 13. Nxc6 Bxc6 14. Qd4 O-O 15. h5 e5 16. Qd3 Nc5 17. Bxc5 dxc5 18. g6 Rad8 19. Qg3 fxg6 20. hxg6 h6 21. Bh3 Rf6 22. Rd1 Rd4 23. Nd5 Rxe4+ 24. Kf1 Bxd5 25. Rxd5 Ref4 26. Rh2 Qc6 27. Rxe5 Rxg6 28. Qxf4 Bd6 29. Bg2 Bxe5 30. Qxe5 Qc8 31. Bd5+ Kh8 32. Rg2 Qh3 33. Qe8+ 1-0


[Site "https://www.chess.com"]

[Event "Titled Tuesday Blitz March 21 Late 2023"]
[White "Dardha, Daniel"]
[Black "Spata, German"]
[WhiteFideId "240990"]
[BlackFideId "113026"]
[WhiteElo "2581"]
[BlackElo "2238"]
[Result "1-0"]
[Round "05"]
[TimeControl "180+2"]
[Date "2023.03.21"]
[WhiteClock "0:01:58"]
[BlackClock "0:00:20"]

1. Nf3 Nf6 2. c4 c5 3. Nc3 g6 4. e4 d6 5. d4 cxd4 6. Nxd4 Bg7 7. Be2 O-O 8. O-O Nc6 9. Be3 Bd7 10. Qd2 Nxd4 11. Bxd4 Bc6 12. f3 a5 13. b3 Nd7 14. Be3 Nc5 15. Rab1 Qb6 16. Rfc1 Rfc8 17. Rc2 Qd8 18. Kh1 Qf8 19. a3 f5 20. exf5 Qxf5 21. b4 axb4 22. axb4 Na4 23. Bd3 Bxc3 24. Bxf5 Bxd2 25. Be6+ Kg7 26. Bd4+ Kf8 27. Rxd2 Rc7 28. Ra1 b5 29. cxb5 Bxb5 30. h3 Rb8 31. Rda2 Nc3 32. Ra8 1-0


[Site "https://www.chess.com"]

[Event "Titled Tuesday Blitz March 21 Late 2023"]
[White "Zamorano, Jorge"]
[Black "Drygalov, Sergey"]
[WhiteFideId "173770"]
[BlackFideId "24171743"]
[WhiteElo "2331"]
[BlackElo "2533"]
[Result "1-0"]
[Round "05"]
[TimeControl "180+2"]
[Date "2023.03.21"]
[WhiteClock "0:00:09"]
[BlackClock "0:00:03"]

1. e4 c5 2. Nf3 d6 3. d4 cxd4 4. Nxd4 Nf6 5. Nc3 a6 6. Bc4 e6 7. Bb3 Nbd7 8. Bg5 Nc5 9. Qe2 Be7 10. O-O-O Nfxe4 11. Bxe7 Nxc3 12. Bxd8 Nxe2+ 13. Nxe2 Kxd8 14. Rxd6+ Kc7 15. Rd4 Bd7 16. Rhd1 Bc6 17. f3 b5 18. c3 g5 19. Bc2 h5 20. b4 Nd7 21. c4 Ne5 22. c5 a5 23. a3 axb4 24. axb4 Ra1+ 25. Kb2 Rxd1 26. Rxd1 Nc4+ 27. Kc3 Ne3 28. Ra1 Rb8 29. Nd4 Nxc2 30. Kxc2 Kb7 31. Nxc6 Kxc6 32. Ra7 f5 33. Kc3 g4 34. Rh7 Ra8 35. Kb3 gxf3 36. gxf3 Ra1 37. Re7 Kd5 38. Rd7+ Ke5 39. c6 Rc1 40. c7 h4 41. Rh7 h3 42. Kb2 Rc4 43. Kb3 Rc6 44. Rxh3 Rxc7 45. Rh4 Rc1 46. Rh7 Rf1 47. Rb7 Rxf3+ 48. Kc2 Kd4 49. Rxb5 e5 50. h4 f4 51. Rb8 Rf2+ 52. Kd1 e4 53. b5 e3 54. b6 Rb2 55. b7 e2+ 56. Ke1 f3 57. Rd8+ Ke3 58. Re8+ Kd3 59. b8=Q Rxb8 60. Rxb8 Ke3 61. Re8+ Kf4 62. Kf2 Kg4 63. h5 Kxh5 64. Kxf3 e1=Q 65. Rxe1 1-0


[Site "https://www.chess.com"]

[Event "Titled Tuesday Blitz March 21 Late 2023"]
[White "Costachi, Mihnea"]
[Black "Papasimakopoulos, Alexandros"]
[WhiteFideId "1217518"]
[BlackFideId "4244125"]
[WhiteElo "2456"]
[BlackElo "2359"]
[Result "0-1"]
[Round "05"]
[TimeControl "180+2"]
[Date "2023.03.21"]
[WhiteClock "0:00:31"]
[BlackClock "0:00:08"]

1. Nf3 f5 2. d4 Nf6 3. c4 g6 4. Bf4 Bg7 5. e3 O-O 6. Nc3 d6 7. c5 h6 8. Bc4+ e6 9. h3 d5 10. Bd3 Ne4 11. Be5 Nd7 12. Bxg7 Kxg7 13. Qc2 c6 14. O-O Qe7 15. b4 a6 16. a4 e5 17. b5 axb5 18. axb5 Rxa1 19. Rxa1 Nxc3 20. bxc6 bxc6 21. dxe5 Ne4 22. Qb2 Ndxc5 23. Bf1 Ne6 24. Qb6 Qc5 25. Qb8 Ba6 26. Qb2 Bxf1 27. Kxf1 Qb5+ 28. Qxb5 cxb5 29. Rb1 Rb8 30. Rb4 g5 31. Ke2 g4 32. Nh4 gxh3 33. gxh3 Rf8 34. f3 Nc3+ 35. Kd3 Na4 36. Rxb5 Nac5+ 37. Ke2 f4 38. Ra5 fxe3 39. Ra7+ Rf7 40. Nf5+ Kg6 41. Nh4+ Kg7 42. Nf5+ Kg6 43. Nh4+ Kg5 44. Nf5 Rxa7 45. Nxe3 Ra2+ 46. Kf1 Kf4 47. Nxd5+ Kxf3 48. Ke1 Ra1+ 49. Kd2 Ne4+ 50. Kc2 Nd4+ 51. Kd3 Rd1+ 52. Kc4 Ne6 53. Ne7 Rd4+ 54. Kb5 Rd1 55. Kc6 Kf4 56. Ng6+ Kf5 57. Nh4+ Kxe5 58. Nf3+ Kf4 59. Nh4 Rc1+ 60. Kd5 N6g5 61. Ng2+ Kg3 62. Ne3 Re1 63. Nf5+ Kxh3 64. Kd4 h5 65. Ng7 h4 66. Nf5 Kg4 67. Nh6+ Kf4 68. Ng8 h3 69. Ne7 h2 70. Ng6+ Kg3 71. Ne5 h1=Q 72. Nd3 Qg1+ 73. Kd5 Rd1 74. Kc4 Rxd3 75. Kxd3 Qd1+ 76. Ke3 Qd2# 0-1


[Site "https://www.chess.com"]

[Event "Titled Tuesday Blitz March 21 Late 2023"]
[White "Tregubov, Pavel V."]
[Black "Li, Ruifeng"]
[WhiteFideId "4115341"]
[BlackFideId "2061074"]
[WhiteElo "2425"]
[BlackElo "2441"]
[Result "1/2-1/2"]
[Round "05"]
[TimeControl "180+2"]
[Date "2023.03.21"]
[WhiteClock "0:00:03"]
[BlackClock "0:00:07"]

1. e4 d6 2. d4 Nf6 3. Nc3 Nc6 4. Nf3 g6 5. d5 Nb8 6. h3 Bg7 7. Be2 O-O 8. O-O c6 9. Re1 b6 10. Nd4 Bb7 11. Bf3 c5 12. Nde2 Nbd7 13. Nf4 a6 14. a4 Re8 15. Be2 Qc7 16. Bf1 e6 17. dxe6 fxe6 18. Nd3 d5 19. exd5 exd5 20. Bf4 Qc6 21. Qf3 Ne4 22. Rad1 Nxc3 23. bxc3 Bxc3 24. Rxe8+ Rxe8 25. Bh6 Bf6 26. Nf4 Bg7 27. Bxg7 Kxg7 28. Nxd5 Qe6 29. Qc3+ Qe5 30. Qxe5+ Rxe5 31. Ne3 Nf8 32. Rd6 Re6 33. Rd8 Bc6 34. Bc4 Re7 35. Rd6 Bxa4 36. Rxb6 Bb5 37. Bxb5 axb5 38. Rxb5 Ne6 39. Rb6 Kf7 40. Rc6 Ra7 41. g3 Ra1+ 42. Kg2 Re1 43. Ra6 h5 44. h4 Kf6 45. Nd5+ Ke5 46. Ne3 Rc1 47. Ra8 Kf6 48. Ra6 Ke5 49. Rb6 Ra1 50. Nc4+ Kd5 51. Rd6+ Kxc4 52. Rxe6 Kc3 53. Rxg6 Kxc2 54. Rc6 Ra5 55. g4 Kd3 56. gxh5 c4 57. h6 c3 58. Kg3 c2 59. f4 Rh5 60. Rd6+ Ke2 61. Rc6 Kd2 62. Rd6+ Ke2 63. Rc6 Kd2 64. Rd6+ Ke2 1/2-1/2


[Site "https://www.chess.com"]

[Event "Titled Tuesday Blitz March 21 Late 2023"]
[White "Drygalov, Andrey"]
[Black "O`Gorman, Tom"]
[WhiteFideId "24171735"]
[BlackFideId "2508249"]
[WhiteElo "2471"]
[BlackElo "2271"]
[Result "1-0"]
[Round "05"]
[TimeControl "180+2"]
[Date "2023.03.21"]
[WhiteClock "0:00:40"]
[BlackClock "0:00:24"]

1. e4 e5 2. Nf3 Nc6 3. Bc4 Bc5 4. d3 Nf6 5. O-O d6 6. c3 a6 7. a4 Ba7 8. Re1 O-O 9. Nbd2 Ng4 10. Re2 Kh8 11. h3 Nh6 12. Nf1 f5 13. Bg5 Qe8 14. Qd2 fxe4 15. dxe4 Bxh3 16. Bxh6 gxh6 17. Qxh6 Bg4 18. N1h2 Bxf3 19. Nxf3 Qg6 20. Qxg6 hxg6 21. Ng5 Rf6 22. g3 Raf8 23. Rf1 Re8 24. Kg2 Kg7 25. Rh1 Rh8 26. Ne6+ Rxe6 27. Rxh8 Kxh8 28. Bxe6 Kg7 29. Bd5 Kf6 30. Bxc6 bxc6 31. f4 Bc5 32. Kf3 Bb6 33. Kg4 Bc5 34. Rh2 Bb6 35. Rh8 a5 36. Rf8+ Ke7 37. Rg8 Kf6 38. Rc8 d5 39. Kf3 exf4 40. gxf4 g5 41. e5+ Ke6 42. fxg5 Kxe5 43. Rf8 Bc5 44. Rf7 Bd6 45. g6 Ke6 46. b4 axb4 47. cxb4 Bxb4 48. Rxc7 Kf6 49. g7 1-0


[Site "https://www.chess.com"]

[Event "Titled Tuesday Blitz March 21 Late 2023"]
[White "Brodowski, Piotr"]
[Black "Gharibyan, Mamikon"]
[WhiteFideId "1124480"]
[BlackFideId "13308300"]
[WhiteElo "2351"]
[BlackElo "2445"]
[Result "1-0"]
[Round "05"]
[TimeControl "180+2"]
[Date "2023.03.21"]
[WhiteClock "0:00:40"]
[BlackClock "0:00:05"]

1. Nf3 g6 2. e4 Bg7 3. d4 d6 4. Nc3 Nf6 5. Be3 a6 6. a4 b6 7. Bc4 e6 8. e5 Ng4 9. Bg5 f6 10. exf6 Bxf6 11. Bxf6 Qxf6 12. Qe2 O-O 13. Qe4 d5 14. Nxd5 exd5 15. Bxd5+ Kg7 16. Bxa8 Bf5 17. Qe2 Nd7 18. Bb7 Qd8 19. O-O-O Re8 20. Qd2 Ndf6 21. Rhe1 Ne4 22. Bxe4 Bxe4 23. Ne5 Nf6 24. f3 Bf5 25. g4 Be6 26. c4 b5 27. d5 Bg8 28. Qc3 bxc4 29. g5 Nxd5 30. Rxd5 Qxd5 31. Nd7+ 1-0


[Site "https://www.chess.com"]

[Event "Titled Tuesday Blitz March 21 Late 2023"]
[White "Van Foreest, Lucas"]
[Black "Mustafayev, Farid"]
[WhiteFideId "1039792"]
[BlackFideId "13408771"]
[WhiteElo "2519"]
[BlackElo "2269"]
[Result "1-0"]
[Round "05"]
[TimeControl "180+2"]
[Date "2023.03.21"]
[WhiteClock "0:00:18"]
[BlackClock "0:00:08"]

1. e4 c5 2. Qg4 Nc6 3. Qh4 d6 4. Bb5 g6 5. d3 Bd7 6. Nf3 Bg7 7. Bxc6 Bxc6 8. Nc3 e6 9. Qxd8+ Rxd8 10. O-O Ne7 11. Re1 O-O 12. Be3 b6 13. d4 Bb7 14. Rad1 cxd4 15. Bxd4 Bxd4 16. Rxd4 d5 17. Red1 Rc8 18. exd5 Nxd5 19. Nxd5 Bxd5 20. R1d2 Kg7 21. Ne5 f6 22. Nd3 Rc4 23. Nb4 e5 24. Rxc4 Bxc4 25. b3 Bf7 26. Rd7 a5 27. Nc6 Kh6 28. h4 Rc8 29. Na7 Rf8 30. c4 a4 31. Nb5 axb3 32. axb3 Kh5 33. Nd6 Be6 34. Rxh7+ Kg4 35. f3+ Kf4 36. Kf2 e4 37. Nxe4 Ra8 38. g3+ Ke5 39. Re7 Ra3 40. Nd2 Kd6 41. Rb7 Kc6 42. Re7 Kd6 43. Re8 f5 44. Rd8+ Kc7 45. Rd3 Ra2 46. Ke3 Ra1 47. Kf4 Rg1 48. Re3 Kd6 49. b4 Rc1 50. c5+ bxc5 51. bxc5+ Rxc5 52. Kg5 f4+ 53. Kxf4 Rf5+ 54. Ke4 Ke7 55. Kd3 Rd5+ 56. Ke2 Kf7 57. Ne4 Bf5 58. Ng5+ Kf6 59. Rc3 Ra5 60. g4 Ra2+ 61. Ke3 Bb1 62. Kf4 Rh2 63. Rc6+ Ke7 64. Kg3 Rb2 65. Nh3 Rb3 66. Nf4 Kf7 67. Rc7+ Kg8 68. Rc8+ Kf7 69. Rc7+ Kg8 70. Re7 Kf8 71. Re1 Kf7 72. h5 gxh5 73. Nxh5 Bg6 74. Nf4 Bh7 75. Nd5 Rb5 76. Re7+ Kg6 77. Nf4+ Kh6 78. Re6+ Kg7 79. Ra6 Rb3 80. Nh5+ Kf8 81. Ra8+ Kf7 82. Ra7+ Kg6 83. Nf4+ Kh6 84. g5+ Kxg5 85. Rxh7 Rb1 86. Nh3+ Kf6 87. Ra7 Rb3 88. Ra6+ Kf5 89. Ra5+ Kf6 90. Nf2 Rb4 91. Ne4+ Kg7 92. Kf4 Rb1 93. Ra7+ Kg6 94. Ra6+ Kf7 95. Ng3 Rb5 96. Nf5 Rb4+ 97. Kg5 Rb1 98. Ra7+ Kg8 99. f4 Rb6 100. Ra8+ Kf7 101. Ra7+ Kg8 102. Nh4 Rb8 103. f5 Rd8 104. Ng6 Rd1 105. Nf4 Rd6 106. Ne6 Rb6 107. Kf6 Rb1 108. Ra8+ Kh7 109. Ng5+ Kh6 110. Rh8# 1-0


[Site "https://www.chess.com"]

[Event "Titled Tuesday Blitz March 21 Late 2023"]
[White "Seemann, Jakub"]
[Black "Idani, Pouya"]
[WhiteFideId "21874697"]
[BlackFideId "12510130"]
[WhiteElo "2364"]
[BlackElo "2574"]
[Result "1-0"]
[Round "05"]
[TimeControl "180+2"]
[Date "2023.03.21"]
[WhiteClock "0:00:43"]
[BlackClock "0:00:06"]

1. e4 c5 2. Nf3 d6 3. d4 cxd4 4. Nxd4 Nf6 5. Nc3 Nc6 6. f3 e5 7. Nb3 Be6 8. Be3 a5 9. Bb5 Be7 10. Qd2 O-O 11. O-O-O Nb4 12. a3 d5 13. exd5 Nbxd5 14. Nxd5 Nxd5 15. Bc4 Nxe3 16. Bxe6 fxe6 17. Qxe3 Bg5 18. Rxd8 Bxe3+ 19. Rd2 a4 20. Re1 Bxd2+ 21. Nxd2 Ra5 22. Nc4 Rc5 23. Nxe5 Rfc8 24. c3 Rd5 25. Re2 b5 26. Ng4 Kf7 27. Nf2 Rcd8 28. Kc2 g5 29. h3 h5 30. Ne4 Kg6 31. Ng3 R8d6 32. Ne4 Rc6 33. Nf2 h4 34. Nd3 Rcd6 35. Ne5+ Kf5 36. Ng4 Kf4 37. Nf6 Rf5 38. Nh5# 1-0


[Site "https://www.chess.com"]

[Event "Titled Tuesday Blitz March 21 Late 2023"]
[White "Urazayev, Arystanbek"]
[Black "Ismagilov, Damir"]
[WhiteFideId "13709810"]
[BlackFideId "34199982"]
[WhiteElo "2479"]
[BlackElo "2078"]
[Result "1-0"]
[Round "05"]
[TimeControl "180+2"]
[Date "2023.03.21"]
[WhiteClock "0:00:18"]
[BlackClock "0:00:01"]

1. d4 Nf6 2. c4 e6 3. Nf3 d5 4. g3 Bb4+ 5. Nbd2 O-O 6. Bg2 dxc4 7. O-O b5 8. a4 c6 9. Qc2 Bb7 10. e4 Nbd7 11. Rd1 a5 12. b3 c3 13. Nb1 c5 14. d5 exd5 15. exd5 Bxd5 16. axb5 Be4 17. Rd3 Bxd3 18. Qxd3 Nb6 19. Qc2 Re8 20. Nxc3 Bxc3 21. Qxc3 Qd1+ 22. Bf1 Nbd5 23. Qd3 Qxd3 24. Bxd3 Nb4 25. Bc4 Nfd5 26. Bd2 Nb6 27. Bf1 a4 28. bxa4 Nxa4 29. Rc1 Red8 30. Be3 Rac8 31. Ne5 Na2 32. Ra1 N2c3 33. Bc4 Rc7 34. Bb3 Nb6 35. Ra6 Ncd5 36. Nc6 c4 37. Bc2 Nxe3 38. fxe3 Rd2 39. Rxb6 h5 40. Rb8+ 1-0


[Site "https://www.chess.com"]

[Event "Titled Tuesday Blitz March 21 Late 2023"]
[White "MKlose11"]
[Black "Timofeev, Artyom"]
[BlackFideId "4140419"]
[WhiteElo "2587"]
[BlackElo "2586"]
[Result "0-1"]
[Round "05"]
[TimeControl "180+2"]
[Date "2023.03.21"]
[WhiteClock "0:00:04"]
[BlackClock "0:00:32"]

1. e4 e5 2. Nf3 d5 3. d4 dxe4 4. Nxe5 Bd6 5. Nc4 Nf6 6. Be2 h6 7. Nxd6+ Qxd6 8. Be3 O-O 9. c4 Nc6 10. Nc3 Rd8 11. d5 Ne7 12. Nb5 Qe5 13. Bd4 Qg5 14. g3 b6 15. Nxc7 Rb8 16. Nb5 a6 17. Nc3 Bh3 18. Qd2 Qg6 19. O-O-O b5 20. Be5 Rbc8 21. cxb5 Nfxd5 22. bxa6 Kh7 23. Kb1 e3+ 24. Qc2 Bf5 25. Bd3 Nxc3+ 26. Bxc3 Bxd3 27. Rxd3 Rxd3 28. fxe3 Nd5 29. Rd1 Rxd1# 0-1


[Site "https://www.chess.com"]

[Event "Titled Tuesday Blitz March 21 Late 2023"]
[White "Averjanov, Alexey"]
[Black "Ehlvest, Jaan"]
[WhiteFideId "14109867"]
[BlackFideId "4500016"]
[WhiteElo "2811"]
[BlackElo "2442"]
[Result "0-1"]
[Round "05"]
[TimeControl "180+2"]
[Date "2023.03.21"]
[WhiteClock "0:00:03"]
[BlackClock "0:00:13"]

1. d4 Nf6 2. c4 e6 3. Nf3 c5 4. g3 cxd4 5. Nxd4 d5 6. Bg2 e5 7. Nf3 d4 8. O-O Nc6 9. e3 Be7 10. exd4 exd4 11. Bf4 O-O 12. Ne5 Bf5 13. Nxc6 bxc6 14. Bxc6 Rc8 15. Bg2 Rxc4 16. Nd2 Rc8 17. Nf3 d3 18. Ne5 Bc5 19. Qa4 Re8 20. Rad1 g5 21. Nc6 Qb6 22. Bxg5 Ne4 23. Bxe4 Rxe4 24. b4 Bxf2+ 25. Kh1 Rxb4 26. Ne7+ Kf8 27. Qxb4 Qxb4 28. Rxf2 Be4+ 29. Kg1 h6 30. Bf6 Rc7 31. h4 Rxe7 32. Bxe7+ Qxe7 33. Re1 f5 34. Kh2 Qb4 35. Rd1 Kg7 36. Rdd2 Qd4 37. Rd1 Kg6 38. Rff1 Kh5 39. Rd2 Qe3 40. Rff2 Kg4 41. Rg2 Bxg2 42. Rxg2 d2 43. Rxd2 Qxd2+ 44. Kh1 Kxg3 45. Kg1 Qd1# 0-1


[Site "https://www.chess.com"]

[Event "Titled Tuesday Blitz March 21 Late 2023"]
[White "Raja Rithvik R"]
[Black "Remolar Gallen, Jose"]
[WhiteFideId "35007394"]
[BlackFideId "2215187"]
[WhiteElo "2402"]
[BlackElo "2223"]
[Result "1-0"]
[Round "05"]
[TimeControl "180+2"]
[Date "2023.03.21"]
[WhiteClock "0:00:10"]
[BlackClock "0:00:07"]

1. b3 e5 2. Bb2 Nc6 3. e3 Nf6 4. Bb5 Bd6 5. Ne2 a6 6. Bxc6 dxc6 7. O-O Bg4 8. h3 Bh5 9. d3 Qe7 10. Nd2 O-O-O 11. Nc4 g5 12. Qe1 g4 13. h4 Bg6 14. Ng3 Nh5 15. Nxh5 Bxh5 16. g3 f5 17. e4 f4 18. gxf4 exf4 19. Bxh8 f3 20. e5 Qxh4 21. exd6 Re8 22. Qa5 Re7 23. Qf5+ Kb8 24. Be5 Qh3 25. Ne3 1-0


[Site "https://www.chess.com"]

[Event "Titled Tuesday Blitz March 21 Late 2023"]
[White "Astafurov, Arseniy"]
[Black "Timmermans, Mark"]
[WhiteFideId "24175218"]
[BlackFideId "1026399"]
[WhiteElo "2163"]
[BlackElo "2460"]
[Result "1/2-1/2"]
[Round "05"]
[TimeControl "180+2"]
[Date "2023.03.21"]
[WhiteClock "0:00:07"]
[BlackClock "0:00:58"]

1. c4 e6 2. Nf3 d5 3. g3 Nf6 4. Bg2 Be7 5. O-O O-O 6. b3 c5 7. cxd5 Nxd5 8. Bb2 b6 9. d4 Bb7 10. Nc3 Nxc3 11. Bxc3 Nd7 12. Rc1 Rc8 13. Bb2 h6 14. Qd2 Bf6 15. Rfd1 cxd4 16. Bxd4 Rxc1 17. Rxc1 Bxf3 18. Bxf6 Nxf6 19. Qxd8 Rxd8 20. Bxf3 Rd2 21. Rc8+ Kh7 22. Rc7 Rxa2 23. Rxf7 Nd5 24. Rd7 Kg6 25. Bxd5 exd5 26. Rxd5 Rxe2 27. Rd7 Ra2 28. Rb7 Ra3 29. b4 Ra4 30. b5 Ra5 31. h4 Kf6 32. Kg2 g5 33. hxg5+ hxg5 34. Kf3 Kf5 35. Rf7+ Ke6 36. Rg7 Kf6 37. Rb7 Ra4 38. Rb8 g4+ 39. Kg2 Ke5 40. Rg8 Kd5 41. Rg5+ Ke6 42. Rh5 Rb4 43. Kf1 Kf6 44. Ke2 Kg6 45. Rd5 Rb2+ 46. Ke3 Rb3+ 47. Ke2 Kf6 48. Rh5 Ra3 49. Rd5 Ke6 50. Rg5 Ra4 51. Ke3 Kf6 52. Rh5 Ra3+ 53. Ke2 Kg6 54. Rd5 Rf3 55. Rd7 Rf5 56. Rxa7 Rxb5 57. Rb7 Kf5 58. Rb8 Rb2+ 59. Ke3 Rb3+ 60. Ke2 b5 61. Rf8+ Kg6 62. Rg8+ Kf5 63. Rf8+ Ke6 64. Rf4 Rb2+ 65. Kf1 b4 66. Rxg4 b3 67. Rb4 Rb1+ 68. Kg2 b2 69. Rb8 Kf7 70. g4 Kf6 71. f4 Ke6 72. Rb6+ Kd5 73. f5 Ke5 74. Rb5+ Kf6 75. Rb4 Kg5 76. Kh2 Kf6 77. Kg2 Kg5 78. Kh2 Kf6 79. Kg2 1/2-1/2


[Site "https://www.chess.com"]

[Event "Titled Tuesday Blitz March 21 Late 2023"]
[White "Stoyanov, Tsvetan"]
[Black "cryptoguru02"]
[WhiteFideId "2917173"]
[WhiteElo "2349"]
[BlackElo "2506"]
[Result "1-0"]
[Round "05"]
[TimeControl "180+2"]
[Date "2023.03.21"]
[WhiteClock "0:00:05"]
[BlackClock "0:00:05"]

1. Nf3 g6 2. g3 Bg7 3. Bg2 e5 4. d3 d5 5. O-O Ne7 6. e4 O-O 7. exd5 Nxd5 8. Re1 Re8 9. Nbd2 c5 10. Nc4 Nc6 11. a4 h6 12. Bd2 b6 13. Qc1 Kh7 14. a5 Bb7 15. a6 Bc8 16. Ne3 Be6 17. Ra4 Nd4 18. Nxd4 cxd4 19. Nxd5 Bxd5 20. Qd1 Rc8 21. c3 dxc3 22. Bxc3 Rc7 23. Bxd5 Qxd5 24. Rae4 Rd7 25. R4e3 Re6 26. Qa4 b5 27. Qa5 Bf6 28. h4 Bd8 29. Qa3 Be7 30. Qa1 f6 31. b4 Rdd6 32. Qb2 Rxa6 33. Qe2 Ra2 34. Qg4 h5 35. Qe4 Qxe4 36. Rxe4 Bd6 37. d4 Rc2 38. dxe5 Rxc3 39. exd6 Rxe4 40. Rxe4 Rd3 41. Re7+ Kh6 42. d7 Rd4 43. Kg2 f5 44. Rf7 Rd6 45. Re7 a6 46. Kf3 Rd3+ 47. Kf4 Rd6 48. Ke5 Rd2 49. Ke6 f4 50. gxf4 Re2+ 51. Kf7 Rxf2 52. Ke8 Rxf4 53. d8=Q g5 54. Re6+ Kh7 55. Qe7+ Kh8 56. Rh6+ Kg8 57. Qxg5# 1-0


[Site "https://www.chess.com"]

[Event "Titled Tuesday Blitz March 21 Late 2023"]
[White "Tanenbaum, Zachary"]
[Black "Kubatko, Ivan"]
[WhiteFideId "2060850"]
[BlackFideId "24111473"]
[WhiteElo "2175"]
[BlackElo "2285"]
[Result "1-0"]
[Round "05"]
[TimeControl "180+2"]
[Date "2023.03.21"]
[WhiteClock "0:01:15"]
[BlackClock "0:00:01"]

1. e4 d5 2. exd5 Qxd5 3. Nc3 Qa5 4. d4 Nf6 5. Nf3 Bg4 6. Bd2 c6 7. Be2 e6 8. h3 Bh5 9. Ne4 Qb6 10. Nxf6+ gxf6 11. O-O Nd7 12. b4 Bxf3 13. Bxf3 Qxd4 14. b5 Ne5 15. bxc6 bxc6 16. Qe2 Nxf3+ 17. Qxf3 Qd5 18. Qe2 Rg8 19. f4 Bc5+ 20. Kh1 Rg3 21. Kh2 Rg6 22. f5 Bd6+ 23. Bf4 Rg8 24. fxe6 fxe6 25. Rad1 Bxf4+ 26. Rxf4 Qe5 27. Qf3 Ke7 28. Rd2 Rad8 29. Re2 Qd6 30. Qe3 Rdf8 31. Qxa7+ Qd7 32. Qe3 e5 33. Rd2 Qe6 34. Rh4 Rg7 35. Qc5+ Kf7 36. Rd6 Qe7 37. Qc4+ Ke8 38. Qxc6+ Kf7 39. Rd7 Rfg8 40. Rxe7+ Kxe7 41. Rxh7 Rxh7 42. Qc7+ 1-0


[Site "https://www.chess.com"]

[Event "Titled Tuesday Blitz March 21 Late 2023"]
[White "Jovic, Stanoje"]
[Black "Kuznetsov, Felix"]
[WhiteFideId "905020"]
[BlackFideId "34147990"]
[WhiteElo "2236"]
[BlackElo "2235"]
[Result "1/2-1/2"]
[Round "05"]
[TimeControl "180+2"]
[Date "2023.03.21"]
[WhiteClock "0:00:03"]
[BlackClock "0:00:10"]

1. c4 e6 2. g3 Nf6 3. Bg2 d5 4. Nf3 Be7 5. O-O O-O 6. b3 b6 7. Bb2 Bb7 8. Ne5 Nbd7 9. d4 Qc8 10. e3 Rd8 11. Nd2 Nxe5 12. dxe5 Nd7 13. cxd5 Bxd5 14. Bxd5 exd5 15. Rc1 Qb7 16. Qg4 Nf8 17. Nf3 c5 18. Rfd1 Ne6 19. Nh4 Bxh4 20. Qxh4 Rd7 21. f4 h6 22. Qg4 d4 23. exd4 cxd4 24. h4 Rad8 25. f5 Nc5 26. e6 fxe6 27. fxe6 Re7 28. Rxd4 Rxd4 29. Bxd4 Nxe6 30. Bb2 Nc5 31. b4 Qe4 32. Qxe4 Nxe4 33. Re1 Kf7 34. Kg2 g6 35. b5 h5 36. Re2 Nd6 37. Rxe7+ Kxe7 38. a4 Ne4 39. Kf3 Nc5 40. Ba3 Kd6 41. Kf4 Kd5 42. Kg5 Nxa4 43. Kxg6 Nc3 44. Kxh5 Nxb5 45. Bb2 a5 46. g4 a4 47. g5 a3 48. Ba1 Nd4 49. g6 Ne6 50. Kg4 b5 51. h5 b4 52. h6 b3 53. h7 b2 54. h8=Q b1=Q 55. Qa8+ Kc4 56. Qc8+ Nc5 57. Qg8+ Kd3 58. Qd5+ Ke2 59. Qxc5 Qxa1 60. Qe7+ Kd3 61. g7 Qg1+ 62. Kf5 a2 63. Qd8+ Kc2 64. Qc7+ Kb2 65. Qb7+ Ka1 66. Qa8 Qf1+ 67. Ke6 Qg1 68. Kf7 Qf2+ 69. Kg8 Qg3 70. Qd5 Kb2 71. Qd4+ Kb1 72. Qb6+ Kc2 73. Qc6+ Kb2 74. Qb6+ Qb3+ 75. Qxb3+ Kxb3 76. Kf8 a1=Q 77. g8=Q+ Kb2 78. Qg7+ Kb1 79. Qg6+ Kb2 80. Qf6+ Ka2 81. Qa6+ Kb1 82. Qd3+ Kb2 83. Qd2+ Kb1 84. Qd1+ Ka2 85. Qd5+ Kb1 86. Qf5+ Kb2 87. Qf6+ Ka2 88. Qf7+ Kb1 89. Qh7+ Kc1 90. Qh1+ Kb2 91. Qg2+ Ka3 92. Qa8+ Kb2 93. Qb7+ Kc1 94. Qh1+ Kb2 95. Qg2+ Ka3 96. Qg3+ Ka2 97. Qg8+ Kb1 98. Qh7+ Ka2 99. Qa7+ Kb1 100. Qxa1+ Kxa1 1/2-1/2


[Site "https://www.chess.com"]